 Dungeon Crawl Stone Soup version 0.28-a0-1128-gb845255321 (webtiles) character file.

Game seed: 6514543053906824311

85 Gargoyl the Skirmisher (level 4, -1/61 HPs)
             Began as a Gnoll Abyssal Knight on Dec 12, 2021.
             Was a Follower of Lugonu.
             Slain by Grinder (2 damage)
             ... while paralysed by Grinder
             ... on level 3 of the Dungeon.
             The game lasted 00:03:15 (2225 turns).

Gargoyl the Skirmisher (Gnoll Abyssal Knight)       Turns: 2225, Time: 00:03:16

Health: -1/61      AC: 22    Str: 14    XL:     4   Next: 48%
Magic:  7/7        EV:  2    Int: 10    God:    Lugonu [*.....]
Gold:   67         SH:  0    Dex: 12    Spells: 5/5 levels left

rFire   . . .      SeeInvis .   i - +2 hand axe (vorpal)
rCold   . . .      Faith    .   j - +0 tower shield
rNeg    . . .      Spirit   .   (armour currently unavailable)
rPois   +          Reflect  .   (helmet currently unavailable)
rElec   .          Harm     .   (cloak currently unavailable)
rCorr   .          Rampage  .   (gloves currently unavailable)
Will    .....      NoTele   +   (boots currently unavailable)
Stlth   ++........              (no amulet)
HPRegen 0.20/turn               c - ring of poison resistance
MPRegen 0.10/turn               (no ring)

@: paralysed, tree-form (expiring), hasted, unable to read
A: stationary, stasis, torment immunity, boosted hp, (fangs 1), strong nose,
distributed training, (iridescent scales 1), evolution 1, inability to read
while threatened
a: Renounce Religion, Depart the Abyss


You were on level 3 of the Dungeon.
You worshipped Lugonu.
Lugonu was aware of your devotion.
You were a tree.
You visited 1 branch of the dungeon, and saw 3 of its levels.
You visited the Abyss 1 time.

You collected 67 gold pieces.

Inventory:

Hand Weapons
 a - a +1 hand axe
 i - a +2 vorpal hand axe (weapon)
Missiles
 h - 13 poisoned darts (quivered)
Armour
 j - a +0 tower shield (worn)
 k - a +0 scale mail (melded)
 n - a +0 helmet (melded)
Jewellery
 c - a ring of poison resistance (left branch)
Potions
 g - a potion of flight


   Skills:
 + Level 6.6 Fighting
 + Level 1.1 Short Blades
 + Level 1.1 Long Blades
 + Level 4.6 Axes
 + Level 1.1 Maces & Flails
 + Level 1.1 Polearms
 + Level 1.1 Staves
 + Level 1.1 Slings
 + Level 1.1 Bows
 + Level 1.1 Crossbows
 + Level 1.1 Throwing
 + Level 4.6 Armour
 + Level 2.7 Dodging
 + Level 1.1 Stealth
 + Level 1.1 Shields
 + Level 1.1 Unarmed Combat
 + Level 1.1 Spellcasting
 + Level 0.9 Conjurations
 + Level 0.9 Hexes
 + Level 0.9 Summonings
 + Level 0.9 Necromancy
 + Level 0.9 Translocations
 + Level 0.9 Transmutations
 + Level 0.9 Fire Magic
 + Level 0.9 Ice Magic
 + Level 0.9 Air Magic
 + Level 0.9 Earth Magic
 + Level 0.9 Poison Magic
 + Level 4.7 Invocations
 + Level 1.1 Evocations


You had 5 spell levels left.
You didn't know any spells.
Your spell library contained the following spells:

 Spells                   Type           Power      Damage    Failure   Level
 Ensorcelled Hibernation  Hex/Ice        4%         N/A       100%        2
 Spider Form              Tmut/Pois      2%         N/A       100%        3


Dungeon Overview and Level Annotations

Branches:
Dungeon (3/15)

Altars:
Ashenzari

Annotations:
D:3 Grinder


Innate Abilities, Weirdness & Mutations

You are a tree.
Your roots penetrate the ground, keeping you stationary.
You cannot be teleported.
You are immune to unholy pain and torment.
Your maximum health is greatly increased.
Your equipment is partially melded.
((You have very sharp teeth.))
Your uncanny sense of smell can sniff out nearby items.
Your experience applies equally to all skills.
((You are partially covered in iridescent scales. (AC +2)))
You have hidden genetic potential.
You sometimes lose the ability to read scrolls when taking damage.


Message History

Grinder hits you but does no damage. Grinder hits you.
* * * LOW HITPOINT WARNING * * *
You writhe in agony.
You feel threatened and lose the ability to read scrolls!
* * * LOW HITPOINT WARNING * * *
You can move again.
Throw: 16 darts (poison)
Press: ? - help, Q - select action, (/) - cycle Shift-Dir - straight line, f/p - Grinder
Aim: Grinder (heavily wounded, 55% to hit)
You throw a poisoned dart. The poisoned dart hits Grinder.
Grinder is poisoned.
Grinder is heavily wounded.
Grinder blinks!
Throw: 15 darts (poison)
Press: ? - help, Q - select action, (/) - cycle Shift-Dir - straight line, f/p - Grinder
Aim: Grinder (heavily wounded, poisoned, 55% to hit)
You throw a poisoned dart.
The poisoned dart closely misses Grinder.
Unknown command.
Throw: 14 darts (poison)
Press: ? - help, Q - select action, (/) - cycle Shift-Dir - straight line, f - you
Okay, then.
You start resting.
You can read scrolls again.
Throw: 14 darts (poison)
Press: ? - help, Q - select action, (/) - cycle Shift-Dir - straight line, f/p - Grinder
Aim: Grinder (heavily wounded, poisoned, 57% to hit)
You throw a poisoned dart. The poisoned dart hits Grinder.
Grinder is heavily wounded.
Grinder gestures at you.
You suddenly lose the ability to move!
Your transformation is almost over.
Grinder gestures at you. You resist with significant effort.
Grinder looks more healthy.
Grinder hits you but does no damage. Grinder hits you.
You feel threatened and lose the ability to read scrolls!
* * * LOW HITPOINT WARNING * * *
You writhe in agony.
You die...

#.# #.# . #.# #
(. #.# .# ...∆
#<###..#
....####.#....#
.^^.(......#
=_^###5)...#
#.♣(.(# #..$..#
####.....#
###.(# ###


You could see Grinder.

Vanquished Creatures
  4 adders (D:2)
  3 endoplasms
  11 goblins
  4 hobgoblins
  5 jackals
  5 quokkas (D:1)
  A ball python (D:2)
  5 bats
  2 frilled lizards (D:1)
  2 kobolds (D:1)
  2 rats
44 creatures vanquished.

Notes
Turn   | Place    | Note
-------+----------+-------------------------------------------
     0 | Abyss:1  | Gargoyl the Gnoll Abyssal Knight began the quest for the
                  | Orb.
     0 | Abyss:1  | Reached XP level 1. HP: 23/23 MP: 3/3
    81 | Abyss:1  | Found a corrupted altar of Lugonu.
   141 | Abyss:1  | Noticed a smoke demon
   142 | D:1      | Escaped the Abyss
   366 | D:1      | Reached XP level 2. HP: 18/29 MP: 5/5
   555 | D:1      | Reached * piety under Lugonu
   915 | D:1      | Reached XP level 3. HP: 35/35 MP: 6/6
  1158 | D:1      | Found a broken altar of Ashenzari.
  1504 | D:2      | Reached skill level 1 in Short Blades
  1504 | D:2      | Reached skill level 1 in Long Blades
  1504 | D:2      | Reached skill level 1 in Maces & Flails
  1504 | D:2      | Reached skill level 1 in Polearms
  1504 | D:2      | Reached skill level 1 in Staves
  1504 | D:2      | Reached skill level 1 in Slings
  1504 | D:2      | Reached skill level 1 in Bows
  1504 | D:2      | Reached skill level 1 in Crossbows
  1504 | D:2      | Reached skill level 1 in Throwing
  1504 | D:2      | Reached skill level 1 in Stealth
  1504 | D:2      | Reached skill level 1 in Shields
  1504 | D:2      | Reached skill level 1 in Unarmed Combat
  1504 | D:2      | Reached skill level 1 in Spellcasting
  1504 | D:2      | Reached skill level 1 in Evocations
  1516 | D:2      | Reached XP level 4. HP: 23/41 MP: 7/7
  2176 | D:3      | Found a faded altar of an unknown god.
  2177 | D:3      | Noticed Grinder
  2182 | D:3      | Paralysed by Grinder for 6 turns
  2199 | D:3      | Gained mutation: You sometimes lose the ability to read
                  | scrolls when taking damage. [potion of mutation]
  2199 | D:3      | Gained mutation: You are partially covered in iridescent
                  | scales. (AC +2) [potion of mutation]
  2199 | D:3      | Gained mutation: You have hidden genetic potential. [potion
                  | of mutation]
  2210 | D:3      | Paralysed by Grinder for 6 turns
  2215 | D:3      | HP: 3/61 [Grinder (4)]
  2220 | D:3      | Paralysed by Grinder for 6 turns
  2225 | D:3      | HP: 1/61 [Grinder (4)]
  2225 | D:3      | Slain by Grinder

Illustrated notes

Levels and vault maps discovered:
D:1:      dpeg_arrival_lava_altar, layout_loops_cross,
          minmay_misc_feat_enclosed, chequers_decorated_corner
D:2:      minmay_spotlight, layout_rooms, grunt_ministairs_11
D:3:      layout_rooms, nicolae_hepliaklqana_monster_ancestors,
          nicolae_dithmenos_the_darkroom, grunt_temple_overflow_diamond,
          lemuel_crystal_altar, ebering_ecumenical_altar_webs, minmay_puff,
          uniq_robin, uniq_grinder

Skill      XL: |  1  2  3 |
---------------+----------+-----
Short Blades   | 1 |  1.1
Long Blades    | 1 |  1.1
Maces & Flails | 1 |  1.1
Polearms       | 1 |  1.1
Staves         | 1 |  1.1
Slings         | 1 |  1.1
Bows           | 1 |  1.1
Crossbows      | 1 |  1.1
Throwing       | 1 |  1.1
Stealth        | 1 |  1.1
Shields        | 1 |  1.1
Unarmed Combat | 1 |  1.1
Spellcasting   | 1 |  1.1
Evocations     | 1 |  1.1
Fighting       | |  6.6
Axes           | |  4.6
Armour         | |  4.6
Dodging        | |  2.7
Conjurations   | |  0.9
Hexes          | |  0.9
Summonings     | |  0.9
Necromancy     | |  0.9
Translocations | |  0.9
Transmutations | |  0.9
Fire Magic     | |  0.9
Ice Magic      | |  0.9
Air Magic      | |  0.9
Earth Magic    | |  0.9
Poison Magic   | |  0.9
Invocations    | |  4.7

Action                   |  1- 3 |  4- 6 || total
-------------------------+-------+-------++-------
Melee: Hand axe          |    97 |    30 ||   127
       Bite              |     1 |     2 ||     3
Throw: Dart              |       |    13 ||    13
Invok: Depart the Abyss  |     1 |       ||     1
  Use: Scroll            |     2 |     2 ||     4
       Potion            |       |     6 ||     6
Armor: Leather armour    |    22 |       ||    22
       Scale mail        |    25 |    20 ||    45
       Skin              |       |     7 ||     7
Dodge: Dodged            |    59 |    10 ||    69
Block: Tower shield      |    11 |    17 ||    28

Table legend: (Time is in decaauts)
 A = Elapsed time spent in this place.
 B = Non-inter-level travel time spent in this place.
 C = Inter-level travel time spent in this place.
 D = Time resting spent in this place.
 E = Time spent auto-exploring this place.
 F = Levels seen in this place.
 G = Mean time per level.
                   A        B        C        D        E       F      G
               +--------+--------+--------+--------+--------+-----+--------+
         Total |   2259 |   2129 |    130 |      1 |   1628 |   4 |  564.8 |
       Dungeon |   2113 |   1983 |    130 |      1 |   1486 |   3 |  704.3 |
         Abyss |    146 |    146 |      0 |      0 |    142 |   1 |  146.0 |
               +--------+--------+--------+--------+--------+-----+--------+

Top non-repeatable levels by time:
     D:1: 1058 daAuts
     D:2: 998 daAuts
 Abyss:1: 146 daAuts
     D:3: 56 daAuts
